AoeStats
← hondayu

Coastal Forest

510534941Analyzed
4v4 RM · 1d ago on Oct 1, 2026· 67m 55s· 8 players
Game mode
Random Map
Map size
Large (8 player)
Population
200
Speed
Normal
Resources
Standard
Victory
Conquest
Starting age
Dark Age
Ending age
Imperial Age
RankedLock teamsTeams togetherTeam positionsShared explorationLock speedFull tech treeHidden civsTurbo modeCheats
Victory
Defeat
🇨🇳 Mongols · China
929
+14
🇺🇸 Franks · United States
898
+15
🇨🇳 Burgundians · China
839
+17
🇨🇳 Persians · China
830
+18
🇺🇸 Danes · United States
935
-19
🇮🇹 Celts · Italy
880
-16
🇲🇽 Mongols · Mexico
852
-15
🇪🇸 Vietnamese · Spain
819
-14
BuDrakexn
8:51 Loom
10:50 Feudal Age
11:42 Double-Bit Axe
18:20 Castle Age
21:59 Scale Barding Armor
22:56 Wheelbarrow
23:16 Forging
26:36 Iron Casting
34:38 Imperial Age
35:29 Bow Saw
34:57 Cavalier
36:18 Gold Mining
37:12 Conscription
37:51 Hand Cart
38:23 Husbandry
38:47 Chain Barding Armor
39:28 Blast Furnace
39:56 Paladin
42:01 Gold Shaft Mining
41:18 Stone Mining
42:20 Plate Barding Armor
44:56 Chivalry
46:16 Fletching
51:03 Light Cavalry
阿炳弟弟
12:45 Feudal Age
13:19 Double-Bit Axe
13:31 Gold Mining
13:31 Stone Mining
13:42 Stone Mining
16:17 Wheelbarrow
20:43 Castle Age
20:14 Horse Collar
21:05 Padded Archer Armor
22:22 Heavy Plow
23:22 Gold Shaft Mining
22:41 Fletching
23:34 Bow Saw
23:56 Forging
25:35 Scale Barding Armor
25:46 Leather Archer Armor
26:52 Iron Casting
26:51 Bloodlines
27:16 Husbandry
27:50 Bodkin Arrow
28:34 Ballistics
29:06 Stone Shaft Mining
29:11 Murder Holes
30:14 Chain Barding Armor
36:41 Imperial Age
39:25 Masonry
39:58 Hoardings
44:21 Conscription
45:32 Thumb Ring
48:03 Blast Furnace
49:27 Chemistry
50:57 Bracer
53:07 Elite Mangudai
hondayu
12:11 Feudal Age
17:46 Castle Age
16:59 Bloodlines
16:41 Double-Bit Axe
17:11 Horse Collar
18:07 Scale Barding Armor
21:02 Forging
25:46 Chain Barding Armor
29:01 Iron Casting
32:04 Fletching
33:58 Wheelbarrow
33:09 Town Watch
35:33 Bodkin Arrow
37:03 Gold Mining
40:46 Hand Cart
40:51 Stone Mining
43:57 Imperial Age
42:55 Padded Archer Armor
44:41 Conscription
44:32 Citadels
44:24 Kamandaran
44:56 Heavy Plow
45:10 Bow Saw
47:28 Husbandry
48:19 Cavalier
56:24 Light Cavalry
58:16 Squires
58:03 Gambesons
57:40 Pikeman
59:38 Halberdier
66:56 Scale Mail Armor
67:55 Arson
最长一枪
9:09 Double-Bit Axe
11:16 Feudal Age
15:01 Wheelbarrow
17:55 Castle Age
17:56 Bow Saw
17:30 Horse Collar
18:15 Gold Mining
20:14 Husbandry
19:34 Cavalier
25:22 Scale Barding Armor
26:50 Forging
29:09 Chain Barding Armor
33:36 Iron Casting
38:55 Hand Cart
44:51 Burgundian Vineyards
45:25 Gold Shaft Mining
44:41 Stone Mining
50:29 Imperial Age
49:19 Light Cavalry
51:57 Paladin
51:57 Hussar
54:02 Flemish Revolution
55:51 Blast Furnace
55:27 Plate Barding Armor
58:02 Scale Mail Armor
60:47 Chain Mail Armor
61:34 Stone Shaft Mining
62:11 Plate Mail Armor
68:34 Heavy Plow
Julian
6:41 Loom
11:58 Feudal Age
13:05 Double-Bit Axe
22:46 Castle Age
20:58 Stone Mining
23:38 Pikeman
32:00 Wheelbarrow
38:42 Stronghold
45:00 Imperial Age
42:24 Fletching
42:34 Padded Archer Armor
43:30 Gold Mining
43:24 Horse Collar
43:57 Elite Skirmisher
45:07 Bodkin Arrow
45:28 Leather Archer Armor
45:37 Town Watch
45:35 Imperial Skirmisher
48:05 Ring Archer Armor
47:48 Forging
47:39 Scale Mail Armor
48:35 Gold Shaft Mining
49:37 Onager
49:44 Halberdier
59:59 Iron Casting
59:40 Chain Mail Armor
fer_es_merengue9
8:51 Loom
12:32 Feudal Age
13:01 Double-Bit Axe
18:35 Castle Age
16:54 Horse Collar
17:06 Gold Mining
17:18 Stone Mining
20:05 Bow Saw
22:03 Heavy Plow
22:23 Fletching
23:51 Padded Archer Armor
23:20 Elite Skirmisher
24:08 Squires
25:23 Thumb Ring
28:21 Husbandry
28:31 Bloodlines
29:40 Town Watch
35:09 Imperial Age
33:38 Bodkin Arrow
33:59 Leather Archer Armor
33:50 Scale Barding Armor
33:56 Forging
35:17 Chatras
37:05 Crop Rotation
37:39 Two-Man Saw
39:02 Paper Money
39:13 Chain Barding Armor
39:29 Iron Casting
39:51 Ballistics
39:12 Treadmill Crane
39:28 Murder Holes
39:44 Fortified Wall
39:46 Masonry
40:44 Chemistry
40:00 Imperial Skirmisher
40:13 Pikeman
40:55 Squires
43:21 Plate Barding Armor
42:47 Bracer
43:18 Ring Archer Armor
43:55 Town Patrol
44:30 Wheelbarrow
44:13 Scale Mail Armor
43:39 Halberdier
45:19 Elite Battle Elephant
49:22 Chain Mail Armor
56:55 Plate Mail Armor
Campain3r
2:35 Loom
11:56 Feudal Age
12:29 Town Watch
13:31 Double-Bit Axe
13:28 Horse Collar
18:34 Wheelbarrow
21:56 Castle Age
20:11 Arson
20:47 Scale Mail Armor
20:57 Forging
26:26 Fletching
26:52 Chain Mail Armor
27:26 Wheelbarrow
28:52 Squires
61:14 Fishing Lines
61:53 Bow Saw
63:13 Gillnets
66:14 Hand Cart
MedicenKarly
1:03 Loom
14:03 Feudal Age
15:30 Wheelbarrow
14:38 Horse Collar
14:50 Double-Bit Axe
17:38 Stone Mining
18:43 Gold Mining
23:42 Castle Age
25:49 Fletching
25:59 Padded Archer Armor
26:28 Bodkin Arrow
27:36 Nomads
31:34 Bloodlines
32:01 Husbandry
32:58 Leather Archer Armor
36:33 Ballistics
40:19 Imperial Age
42:43 Chemistry
43:39 Elite Mangudai
46:50 Bracer
55:27 Conscription
Connection lost

Rejoining the realm…

Still unreachable

The connection could not be restored.

Session expired

The server has moved on; the page needs a fresh start.